[Event "26th Bosnjaci Open 2022"]
[Site "Bosnjaci"]
[Date "2022.01.06"]
[Round "5.13"]
[White "Dubrovic, Mihovil"]
[Black "Vujnovic, Patricija"]
[Result "0-1"]
[ECO "B10"]
[WhiteElo "1975"]
[BlackElo "2138"]
[Annotator "NA"]
[PlyCount "60"]
[EventDate "2022.01.03"]
[EventType "swiss"]
[EventCountry "CRO"]
[SourceTitle "playchess.com"]
[Source "ChessBase"]
[SourceQuality "1"]
[TimeControl "5400+30"]

1. e4 c6 2. d3 d5 3. Nd2 e5 4. Ngf3 Bd6 5. g3 Nf6 6. Bg2 O-O 7. O-O Re8 8. Re1 Nbd7 9. c3 a5 10. d4 {has lost popularity (10.a4).} exd4 11. Nxd4 Nc5 12. exd5 Rxe1+ 13. Qxe1 cxd5 14. N2b3 Nd3 {[#]} 15. Qd2 $146 ({Predecessor:} 15. Qe2 Nxc1 16. Rxc1 a4 17. Nd2 Bd7 18. Nf1 Qb6 {½-½ (18) Kratochvil,M (2205)-Pisk,P (2349) Czech Republic 2017}) 15... Nxc1 16. Rxc1 a4 17. Na1 Bd7 18. Nac2 a3 19. b3 Bc5 20. Re1 Qc7 21. Ne3 Bc6 22. b4 Bxd4 23. Qxd4 Re8 24. Rd1 $16 h6 25. Qa7 Qe5 26. Qd4 Qh5 27. Nxd5 Bxd5 28. Bxd5 Nxd5 29. g4 Qg5 30. Qxd5 Re1+ 0-1

[Event "26th Bosnjaci Open 2022"]
[Site "Bosnjaci"]
[Date "2022.01.06"]
[Round "5.14"]
[White "Dabic, Stjepan"]
[Black "Stjepic, Borna"]
[Result "1-0"]
[ECO "E50"]
[WhiteElo "2161"]
[BlackElo "1860"]
[Annotator "ChessBase"]
[PlyCount "57"]
[EventDate "2022.01.03"]
[EventType "swiss"]
[EventCountry "CRO"]
[SourceTitle "playchess.com"]
[Source "ChessBase"]
[SourceQuality "1"]
[TimeControl "5400+30"]

1. d4 Nf6 2. c4 e6 3. Nc3 Bb4 4. e3 O-O 5. Bd3 c5 6. Nf3 b6 7. O-O Bxc3 8. bxc3 Nc6 9. d5 Na5 10. e4 Ne8 11. Bg5 f6 12. Bh4 Ba6 13. Nd2 Nd6 14. e5 g5 15. exd6 gxh4 16. Qg4+ Kh8 17. dxe6 f5 18. Bxf5 dxe6 19. Be4 Qxd6 20. Qxh4 Rf7 21. Bxa8 Qxd2 22. Rad1 Qf4 23. Rd8+ Kg7 24. Qxf4 Rxf4 25. Rd7+ Kg6 26. Rxa7 Bc8 27. Rd1 Rxc4 28. Rd8 Rxc3 29. h3 1-0

[Event "26th Bosnjaci Open 2022"]
[Site "Bosnjaci"]
[Date "2022.01.06"]
[Round "5.15"]
[White "Hodak, Stevo"]
[Black "Sabic, Tomislav"]
[Result "1/2-1/2"]
[ECO "B30"]
[WhiteElo "2133"]
[BlackElo "1939"]
[Annotator "ChessBase"]
[PlyCount "108"]
[EventDate "2022.01.03"]
[EventType "swiss"]
[EventCountry "CRO"]
[SourceTitle "playchess.com"]
[Source "ChessBase"]
[SourceQuality "1"]
[TimeControl "5400+30"]

1. e4 c5 2. Nf3 Nc6 3. Bb5 e6 4. O-O Nge7 5. c3 a6 6. Bxc6 Nxc6 7. d4 cxd4 8. cxd4 d5 9. exd5 exd5 10. Re1+ Be7 11. Bg5 O-O 12. Bxe7 Nxe7 13. Ne5 Nc6 14. Nxc6 bxc6 15. Nc3 Rb8 16. b3 Qf6 17. Qd2 a5 18. Rad1 h5 19. Qe3 h4 20. Qe5 Qg6 21. Ne2 Ba6 22. Nf4 Qc2 23. Qg5 Qh7 24. Rc1 Rbe8 25. Rxe8 Rxe8 26. h3 f6 27. Qg4 Bc8 28. Qf3 Bd7 29. Nd3 Qh6 30. Re1 Rxe1+ 31. Nxe1 Qd2 32. Qe3 Qxe3 33. fxe3 Bf5 34. Kf2 Be4 35. Nf3 Bxf3 36. Kxf3 Kf7 37. Kg4 g5 38. Kf5 Ke7 39. a3 Kf7 40. b4 axb4 41. axb4 Ke7 42. e4 dxe4 43. Kxe4 Ke6 44. d5+ cxd5+ 45. Kd4 Kd6 46. b5 f5 47. b6 g4 48. b7 Kc7 49. Kxd5 gxh3 50. gxh3 Kxb7 51. Ke5 Kc7 52. Kxf5 Kd7 53. Kg5 Ke7 54. Kxh4 Kf7 1/2-1/2

[Event "26th Bosnjaci Open 2022"]
[Site "Bosnjaci"]
[Date "2022.01.06"]
[Round "6.2"]
[White "Tica, Sven"]
[Black "Stocko, Josip"]
[Result "1/2-1/2"]
[ECO "E04"]
[WhiteElo "2419"]
[BlackElo "2231"]
[Annotator "ChessBase"]
[PlyCount "71"]
[EventDate "2022.01.03"]
[EventType "swiss"]
[EventCountry "CRO"]
[SourceTitle "playchess.com"]
[Source "ChessBase"]
[SourceQuality "1"]
[TimeControl "5400+30"]

1. d4 Nf6 2. c4 e6 3. g3 d5 4. Bg2 dxc4 5. Nf3 a6 6. O-O Nc6 7. e3 Rb8 8. Qe2 b5 9. b3 cxb3 10. axb3 Bb4 11. Bb2 O-O 12. Rd1 Qe7 13. Nbd2 Bb7 14. e4 Na7 15. e5 Nd5 16. Ne4 Nc8 17. Rdc1 c6 18. Ne1 Ncb6 19. Nd3 a5 20. Ndc5 Ra8 21. Nd6 Bc8 22. Qc2 f5 23. Nd3 Bxd6 24. exd6 Qxd6 25. Qxc6 Qxc6 26. Rxc6 a4 27. Nc5 axb3 28. Rxa8 Nxa8 29. Nxe6 Nb4 30. Nxf8 Nxc6 31. Bxc6 Nb6 32. Bxb5 Kxf8 33. Kf1 Be6 34. Ke1 Nc4 35. Bxc4 Bxc4 36. Kd2 1/2-1/2

[Event "26th Bosnjaci Open 2022"]
[Site "Bosnjaci"]
[Date "2022.01.06"]
[Round "6.4"]
[White "Zovko, Mario"]
[Black "Lalic, Kristijan"]
[Result "1/2-1/2"]
[ECO "C10"]
[WhiteElo "2297"]
[BlackElo "2215"]
[Annotator "NA RC"]
[PlyCount "37"]
[EventDate "2022.01.03"]
[EventType "swiss"]
[EventCountry "CRO"]
[SourceTitle "playchess.com"]
[Source "ChessBase"]
[SourceQuality "1"]
[TimeControl "5400+30"]

1. e4 e6 2. d4 d5 3. Nd2 dxe4 4. Nxe4 Bd7 5. Nf3 Bc6 6. Bd3 Nd7 7. O-O Ngf6 8. Ng3 Be7 9. Qe2 O-O 10. Rd1 Bxf3 11. Qxf3 c6 12. c4 Re8 13. Bf4 a5 14. Rac1 a4 15. Qe2 Qb6 16. Be5 c5 17. Bb1 cxd4 18. Bxd4 Bc5 19. Bc3 1/2-1/2

[Event "26th Bosnjaci Open 2022"]
[Site "Bosnjaci"]
[Date "2022.01.06"]
[Round "6.5"]
[White "Bobanac, Miro"]
[Black "Dutina, Dario"]
[Result "1-0"]
[ECO "A48"]
[WhiteElo "2261"]
[BlackElo "2197"]
[Annotator "ChessBase"]
[PlyCount "63"]
[EventDate "2022.01.03"]
[EventType "swiss"]
[EventCountry "CRO"]
[SourceTitle "playchess.com"]
[Source "ChessBase"]
[SourceQuality "1"]
[TimeControl "5400+30"]

1. Nf3 g6 2. d4 Nf6 3. b3 Bg7 4. Bb2 d5 5. c4 dxc4 6. bxc4 c5 7. e3 O-O 8. Be2 cxd4 9. exd4 Qa5+ 10. Nbd2 Ne4 11. O-O Nc3 12. Bxc3 Qxc3 13. Rc1 Qa5 14. Qb3 Rd8 15. c5 Bxd4 16. Bc4 e6 17. Nxd4 Rxd4 18. Nf3 Rd8 19. Qe3 Kg7 20. Ne5 h5 21. Rfd1 f6 22. Qg3 fxe5 23. Bd3 Rxd3 24. Qxe5+ Kh7 25. Rxd3 Nc6 26. Qd6 e5 27. Qf8 Qc7 28. Rf3 Nd8 29. Rf6 Bf5 30. Rd1 Qa5 31. h3 Be6 32. Rxe6 1-0

[Event "26th Bosnjaci Open 2022"]
[Site "Bosnjaci"]
[Date "2022.01.06"]
[Round "6.7"]
[White "Vujnovic, Patricija"]
[Black "Zadravec, Matija"]
[Result "1/2-1/2"]
[ECO "E26"]
[WhiteElo "2138"]
[BlackElo "2249"]
[Annotator "NA"]
[PlyCount "26"]
[EventDate "2022.01.03"]
[EventType "swiss"]
[EventCountry "CRO"]
[SourceTitle "playchess.com"]
[Source "ChessBase"]
[SourceQuality "1"]
[TimeControl "5400+30"]

1. d4 Nf6 2. c4 e6 3. Nc3 Bb4 4. e3 c5 5. a3 Bxc3+ 6. bxc3 Qa5 7. Bd2 Ne4 8. Bd3 Nxd2 9. Qxd2 Nc6 10. Ne2 d6 11. O-O O-O 12. Qc2 h6 13. f4 Qc7 1/2-1/2

[Event "26th Bosnjaci Open 2022"]
[Site "Bosnjaci"]
[Date "2022.01.06"]
[Round "6.8"]
[White "Brkic, Zdenko"]
[Black "Saric, Luka"]
[Result "0-1"]
[ECO "D53"]
[WhiteElo "2063"]
[BlackElo "2176"]
[Annotator "ChessBase"]
[PlyCount "56"]
[EventDate "2022.01.03"]
[EventType "swiss"]
[EventCountry "CRO"]
[SourceTitle "playchess.com"]
[Source "ChessBase"]
[SourceQuality "1"]
[TimeControl "5400+30"]

1. d4 Nf6 2. Nf3 d5 3. c4 e6 4. Nc3 Be7 5. Bg5 Nbd7 6. Ne5 Nxe5 7. dxe5 Nd7 8. Bf4 Nb6 9. e4 Bg5 10. Bxg5 Qxg5 11. cxd5 exd5 12. Qd4 dxe4 13. Nxe4 Qe7 14. Bb5+ Bd7 15. Bxd7+ Qxd7 16. Qxd7+ Nxd7 17. Rc1 c6 18. Nd6+ Ke7 19. Nf5+ Ke6 20. Nxg7+ Kxe5 21. O-O Kf6 22. Nh5+ Kg5 23. Ng3 Rhe8 24. Rc4 Nf6 25. h4+ Kg6 26. f3 h5 27. Rf4 Rad8 28. Ne4 Nd5 0-1

[Event "26th Bosnjaci Open 2022"]
[Site "Bosnjaci"]
[Date "2022.01.06"]
[Round "6.9"]
[White "Pasalic, Adnan"]
[Black "Dabic, Stjepan"]
[Result "0-1"]
[ECO "E94"]
[WhiteElo "1983"]
[BlackElo "2161"]
[Annotator "NA"]
[PlyCount "46"]
[EventDate "2022.01.03"]
[EventType "swiss"]
[EventCountry "CRO"]
[SourceTitle "playchess.com"]
[Source "ChessBase"]
[SourceQuality "1"]
[TimeControl "5400+30"]

1. d4 Nf6 2. c4 g6 3. Nc3 Bg7 4. Nf3 O-O 5. e4 d6 6. Be2 Nbd7 7. O-O e5 8. h3 a5 9. Be3 c6 10. c5 exd4 11. Bxd4 dxc5 12. Be3 Qe7 13. Qc2 Re8 14. Nd2 b5 15. f3 Ba6 16. Rfe1 Nd5 17. Bf2 Nxc3 18. bxc3 b4 19. Nb1 Bxe2 20. Rxe2 Nf8 21. Be1 Ne6 22. e5 Nf4 23. Re4 Bxe5 0-1

[Event "26th Bosnjaci Open 2022"]
[Site "Bosnjaci"]
[Date "2022.01.06"]
[Round "6.12"]
[White "Sadikovic, Jasmin"]
[Black "Pehar, Borna"]
[Result "1-0"]
[ECO "A05"]
[WhiteElo "2134"]
[BlackElo "1580"]
[Annotator "ChessBase"]
[PlyCount "68"]
[EventDate "2022.01.03"]
[EventType "swiss"]
[EventCountry "CRO"]
[SourceTitle "playchess.com"]
[Source "ChessBase"]
[SourceQuality "1"]
[TimeControl "5400+30"]

1. e4 c5 2. Nf3 Nc6 3. g3 d6 4. Bg2 Nf6 5. d3 g6 6. O-O Bg7 7. c3 O-O 8. Qe2 e5 9. Na3 Be6 10. Ng5 Bg4 11. f3 Bd7 12. f4 a6 13. Nc4 Qc7 14. Ne3 Rfe8 15. f5 Ne7 16. g4 Bc6 17. c4 b5 18. b3 h6 19. Nf3 g5 20. h4 Nh7 21. hxg5 hxg5 22. Nxg5 Nxg5 23. f6 Ng6 24. fxg7 Nf4 25. Rxf4 exf4 26. Nf5 Bd7 27. Bxf4 Bxf5 28. gxf5 f6 29. Bxg5 fxg5 30. f6 Qf7 31. Rf1 Re6 32. e5 Rxe5 33. Qxe5 dxe5 34. Bxa8 Qg6 1-0

[Event "26th Bosnjaci Open 2022"]
[Site "Bosnjaci"]
[Date "2022.01.06"]
[Round "6.14"]
[White "Matanovic, Zlatko"]
[Black "Tomas, Ante"]
[Result "0-1"]
[ECO "D30"]
[WhiteElo "1952"]
[BlackElo "2122"]
[Annotator "NA"]
[PlyCount "90"]
[EventDate "2022.01.03"]
[EventType "swiss"]
[EventCountry "CRO"]
[SourceTitle "playchess.com"]
[Source "ChessBase"]
[SourceQuality "1"]
[TimeControl "5400+30"]

1. d4 Nf6 2. Nf3 e6 3. Bg5 d5 4. Nbd2 Be7 5. e3 O-O 6. Bd3 Nbd7 7. O-O b6 8. c4 Bb7 9. Rc1 c5 10. b3 Rc8 11. h3 Ne4 12. Bf4 Nxd2 13. Nxd2 cxd4 14. exd4 Nf6 15. Re1 dxc4 16. Nxc4 b5 17. Ne3 Rxc1 18. Qxc1 Qxd4 19. Qc7 Qb4 20. Nc2 Nd5 21. Qxb7 Qxf4 22. Ne3 Qb4 23. Rf1 Nxe3 24. fxe3 Bc5 25. Kh1 Bxe3 26. a3 Qd2 27. Bxb5 Bb6 28. Qe7 Qd8 29. Qb7 Qd6 30. Rc1 Qxa3 31. Qc6 Qxb3 32. Bc4 Qe3 33. Rf1 g6 34. Qd7 Qe5 35. Rf3 Qd4 36. Qxd4 Bxd4 37. g4 Rc8 38. Bb5 Rc3 39. Rxc3 Bxc3 40. Kg2 Kg7 41. Kf3 f5 42. Bc4 e5 43. gxf5 gxf5 44. h4 Kf6 45. h5 h6 0-1

[Event "26th Bosnjaci Open 2022"]
[Site "Bosnjaci"]
[Date "2022.01.06"]
[Round "6.15"]
[White "Abdil, Halil"]
[Black "Dubrovic, Mihovil"]
[Result "1-0"]
[ECO "C45"]
[WhiteElo "2117"]
[BlackElo "1975"]
[Annotator "ChessBase"]
[PlyCount "75"]
[EventDate "2022.01.03"]
[EventType "swiss"]
[EventCountry "CRO"]
[SourceTitle "playchess.com"]
[Source "ChessBase"]
[SourceQuality "1"]
[TimeControl "5400+30"]

1. e4 e5 2. Nf3 Nc6 3. d4 exd4 4. Nxd4 Bc5 5. Be3 Qf6 6. c3 Nge7 7. g3 O-O 8. Bg2 Bb6 9. O-O d6 10. Na3 Ne5 11. h3 c6 12. f4 Nd7 13. Qd2 c5 14. Ndb5 d5 15. e5 Qg6 16. Bf2 Nb8 17. g4 h5 18. f5 Qh7 19. Nd6 hxg4 20. hxg4 Nbc6 21. Rae1 d4 22. Nac4 Qh6 23. g5 Qh5 24. Qf4 f6 25. gxf6 gxf6 26. e6 Bc7 27. Qg3+ Qg5 28. Re4 Qxg3 29. Bxg3 Bxd6 30. Bxd6 Rd8 31. Rg4+ Kf8 32. Rg6 b5 33. Bxc6 bxc4 34. Rxf6+ Kg7 35. Rf7+ Kh6 36. Bxe7 Rg8+ 37. Kf2 Rb8 38. Rh1# 1-0

[Event "26th Bosnjaci Open 2022"]
[Site "Bosnjaci"]
[Date "2022.01.07"]
[Round "7.2"]
[White "Saric, Kristina"]
[Black "Tica, Sven"]
[Result "0-1"]
[ECO "B15"]
[WhiteElo "2148"]
[BlackElo "2419"]
[Annotator "ChessBase"]
[PlyCount "108"]
[EventDate "2022.01.03"]
[EventType "swiss"]
[EventCountry "CRO"]
[SourceTitle "playchess.com"]
[Source "ChessBase"]
[SourceQuality "1"]
[TimeControl "5400+30"]

1. e4 c6 2. d4 d5 3. Nc3 dxe4 4. Nxe4 Nf6 5. Nxf6+ exf6 6. c3 Bd6 7. Bd3 Na6 8. Qc2 Nc7 9. Ne2 Ne6 10. O-O g6 11. Re1 O-O 12. Bh6 Re8 13. Rad1 Qa5 14. Ng3 f5 15. d5 cxd5 16. Bxf5 Bd7 17. Bxe6 Bxe6 18. Qd2 f6 19. Bf4 Bf8 20. b4 Qd8 21. h4 Rc8 22. h5 a5 23. hxg6 hxg6 24. a3 Bf7 25. Nf1 Rxe1 26. Qxe1 Qd7 27. Ne3 Qc6 28. Rd3 axb4 29. axb4 g5 30. Bg3 Bg6 31. Rxd5 Qxc3 32. Qxc3 Rxc3 33. b5 Rd3 34. Bc7 Kf7 35. Rxd3 Bxd3 36. b6 Ke6 37. g4 Bd6 38. f3 Bc5 39. Kf2 Ke7 40. f4 gxf4 41. Bxf4 Bxb6 42. g5 f5 43. Ke1 Kf7 44. Kd2 Be4 45. Nc4 Bd4 46. Ne5+ Ke6 47. Nc4 b5 48. Na5 b4 49. Nb3 Bc3+ 50. Kc1 Bc6 51. Kb1 Bb5 52. Kc2 Ba4 53. Bc1 Kd5 54. g6 Kc4 0-1

[Event "26th Bosnjaci Open 2022"]
[Site "Bosnjaci"]
[Date "2022.01.07"]
[Round "7.3"]
[White "Kovacevic, Blazimir"]
[Black "Nemec, Vjekoslav"]
[Result "1-0"]
[ECO "A48"]
[WhiteElo "2399"]
[BlackElo "2194"]
[Annotator "ChessBase"]
[PlyCount "137"]
[EventDate "2022.01.03"]
[EventType "swiss"]
[EventCountry "CRO"]
[SourceTitle "playchess.com"]
[Source "ChessBase"]
[SourceQuality "1"]
[TimeControl "5400+30"]

1. Nf3 g6 2. d4 Nf6 3. Bf4 Bg7 4. e3 O-O 5. Be2 d6 6. O-O Nh5 7. Bg5 h6 8. Bh4 g5 9. Nfd2 Nf4 10. exf4 gxh4 11. c3 Nd7 12. Nf3 e5 13. fxe5 dxe5 14. Nbd2 exd4 15. Nxd4 Ne5 16. Nc4 Nxc4 17. Bxc4 Qf6 18. Re1 h3 19. g3 Bd7 20. Re4 c5 21. Rf4 Qe7 22. Nf5 Bxf5 23. Rxf5 Rad8 24. Bd5 Rd6 25. Qg4 Qd7 26. Qf3 Rf6 27. Rxf6 Bxf6 28. Rd1 Qe7 29. Bc4 b6 30. Qg4+ Bg7 31. Qxh3 Rd8 32. Bd5 Kf8 33. Qh5 Qf6 34. Rd3 Qg6 35. Qxg6 fxg6 36. Rf3+ Ke8 37. Bf7+ Ke7 38. Bxg6 Rd1+ 39. Kg2 Bf6 40. Rd3 Ra1 41. Re3+ Kf8 42. Bd3 Rxa2 43. Re2 Ra1 44. Kf3 Ra4 45. Bc2 Ra2 46. Bb3 Ra1 47. Ke4 b5 48. Kf5 Be7 49. Bd5 Rd1 50. Ke6 b4 51. cxb4 cxb4 52. b3 a5 53. Re5 Rd2 54. Rf5+ Ke8 55. Bc6+ Kd8 56. Rd5+ Rxd5 57. Kxd5 Bf6 58. Ke4 Ke7 59. Kf5 Kf7 60. f4 Bd4 61. g4 Bf2 62. Bd5+ Kg7 63. g5 Be1 64. Kg4 Bd2 65. h4 Be3 66. f5 Bd4 67. f6+ Kh7 68. Kf5 hxg5 69. hxg5 1-0

[Event "26th Bosnjaci Open 2022"]
[Site "Bosnjaci"]
[Date "2022.01.07"]
[Round "7.4"]
[White "Saric, Luka"]
[Black "Zovko, Mario"]
[Result "1/2-1/2"]
[ECO "D30"]
[WhiteElo "2176"]
[BlackElo "2297"]
[Annotator "NA"]
[PlyCount "54"]
[EventDate "2022.01.03"]
[EventType "swiss"]
[EventCountry "CRO"]
[SourceTitle "playchess.com"]
[Source "ChessBase"]
[SourceQuality "1"]
[TimeControl "5400+30"]

1. Nf3 d5 2. d4 Nf6 3. c4 e6 4. e3 Be7 5. b3 Nbd7 6. Be2 Ne4 7. O-O O-O 8. Nfd2 Nef6 9. Nc3 c5 10. cxd5 exd5 11. Nf3 cxd4 12. exd4 Bb4 13. Bd2 Re8 14. Re1 Nf8 15. Nb5 Be7 16. Rc1 Ne6 17. Ng5 Bd6 18. Nxd6 Qxd6 19. Bd3 h6 20. Nxe6 Bxe6 21. Qf3 Bd7 22. Rxe8+ Rxe8 23. Qg3 Qxg3 24. hxg3 Rc8 25. Rxc8+ Bxc8 26. f3 Be6 27. g4 h5 1/2-1/2

[Event "26th Bosnjaci Open 2022"]
[Site "Bosnjaci"]
[Date "2022.01.07"]
[Round "7.5"]
[White "Stocko, Josip"]
[Black "Dabic, Stjepan"]
[Result "1/2-1/2"]
[ECO "A05"]
[WhiteElo "2231"]
[BlackElo "2161"]
[Annotator "NA"]
[PlyCount "72"]
[EventDate "2022.01.03"]
[EventType "swiss"]
[EventCountry "CRO"]
[SourceTitle "playchess.com"]
[Source "ChessBase"]
[SourceQuality "1"]
[TimeControl "5400+30"]

1. e4 c5 2. Nf3 d6 3. g3 Nf6 4. d3 g6 5. Bg2 Bg7 6. O-O O-O 7. Re1 Nc6 8. c3 Rb8 9. h3 b6 10. d4 cxd4 11. cxd4 Bb7 12. Nc3 h6 13. a3 Rc8 14. Be3 Na5 15. Nd2 Ba8 16. Qe2 e6 17. Rac1 Ne8 18. b4 Nc6 19. Nb3 Nc7 20. Rc2 Qd7 21. Rec1 Rfd8 22. Bf1 Ne7 23. a4 f5 24. f3 Ne8 25. b5 Nf6 26. Bg2 Rc7 27. Nb1 Rxc2 28. Qxc2 Rc8 29. Qe2 Rd8 30. Qc2 Rc8 31. Qd3 Rxc1+ 32. Nxc1 fxe4 33. fxe4 d5 34. e5 Ne4 35. Ne2 Qc8 36. Nbc3 Nxc3 1/2-1/2

[Event "26th Bosnjaci Open 2022"]
[Site "Bosnjaci"]
[Date "2022.01.07"]
[Round "7.6"]
[White "Lalic, Kristijan"]
[Black "Vujnovic, Patricija"]
[Result "1/2-1/2"]
[ECO "B12"]
[WhiteElo "2215"]
[BlackElo "2138"]
[Annotator "ChessBase"]
[PlyCount "85"]
[EventDate "2022.01.03"]
[EventType "swiss"]
[EventCountry "CRO"]
[SourceTitle "playchess.com"]
[Source "ChessBase"]
[SourceQuality "1"]
[TimeControl "5400+30"]

1. e4 c6 2. d4 d5 3. f3 e6 4. Be3 Qb6 5. Nd2 Qxb2 6. Bd3 Nd7 7. Ne2 Ne7 8. a4 Qb6 9. O-O Ng6 10. c4 Be7 11. f4 dxe4 12. Nxe4 Nf6 13. N2g3 O-O 14. a5 Qc7 15. Nxf6+ Bxf6 16. Ne4 Be7 17. Qh5 f5 18. Ng5 Bxg5 19. Qxg5 Bd7 20. Qg3 b6 21. Qe1 Rab8 22. Qc3 Ne7 23. Rf2 b5 24. Bc1 b4 25. Qe1 c5 26. d5 Ng6 27. dxe6 Rbe8 28. Re2 Bc8 29. Qf2 Rxe6 30. Rxe6 Bxe6 31. Be3 Rc8 32. a6 Nf8 33. Re1 Qb6 34. Bc1 Qxa6 35. Bb2 Qd6 36. Qe3 Qd7 37. Qe5 Qf7 38. Re3 Rc7 39. g4 fxg4 40. f5 Bc8 41. Qd6 Qd7 42. Qe5 Qf7 43. Qd6 1/2-1/2

[Event "26th Bosnjaci Open 2022"]
[Site "Bosnjaci"]
[Date "2022.01.07"]
[Round "7.7"]
[White "Zadravec, Matija"]
[Black "Abdil, Halil"]
[Result "1-0"]
[ECO "B50"]
[WhiteElo "2249"]
[BlackElo "2117"]
[Annotator "ChessBase"]
[PlyCount "101"]
[EventDate "2022.01.03"]
[EventType "swiss"]
[EventCountry "CRO"]
[SourceTitle "playchess.com"]
[Source "ChessBase"]
[SourceQuality "1"]
[TimeControl "5400+30"]

1. e4 c5 2. Nf3 d6 3. c3 Nf6 4. Be2 g6 5. O-O Bg7 6. Qc2 Qc7 7. d3 O-O 8. a4 e5 9. Bg5 h6 10. Bh4 g5 11. Bg3 Nh5 12. Na3 f5 13. Nd2 Qf7 14. exf5 Bxf5 15. Ne4 Nxg3 16. Nxg3 Nc6 17. Nxf5 Qxf5 18. Nc4 Rad8 19. Ne3 Qf7 20. Bf3 Kh8 21. Bd5 Qg6 22. a5 a6 23. Be4 Qf7 24. Nd5 Ne7 25. Nxe7 Qxe7 26. c4 Qc7 27. Rfb1 Rb8 28. b4 b5 29. axb6 Rxb6 30. bxc5 Qxc5 31. Rxb6 Qxb6 32. g3 Rf7 33. Kg2 Bf8 34. Ra2 Be7 35. Qe2 Bd8 36. Qh5 Rf6 37. Qe8+ Kg7 38. Bd5 Rf8 39. Qd7+ Kh8 40. Qe6 Bf6 41. Be4 Kg7 42. Qf5 Kf7 43. Qh7+ Bg7 44. Bd5+ Kf6 45. g4 a5 46. Qf5+ Ke7 47. Qe6+ Kd8 48. c5 Qxc5 49. Rb2 e4 50. Rb8+ Kc7 51. Rb7+ 1-0

[Event "26th Bosnjaci Open 2022"]
[Site "Bosnjaci"]
[Date "2022.01.07"]
[Round "7.8"]
[White "Sipic, Hrvoje"]
[Black "Kovac, Petar"]
[Result "1/2-1/2"]
[ECO "D02"]
[WhiteElo "2221"]
[BlackElo "2070"]
[Annotator "ChessBase"]
[PlyCount "124"]
[EventDate "2022.01.03"]
[EventType "swiss"]
[EventCountry "CRO"]
[SourceTitle "playchess.com"]
[Source "ChessBase"]
[SourceQuality "1"]
[TimeControl "5400+30"]

1. d4 d5 2. Bf4 Nf6 3. Nf3 c5 4. e3 Nc6 5. Be2 e6 6. c3 Bd6 7. Bg5 h6 8. Bh4 O-O 9. Nbd2 b6 10. O-O Bb7 11. a4 a6 12. Qb3 g5 13. Bg3 Bxg3 14. hxg3 Qc7 15. Rac1 c4 16. Qc2 Rad8 17. Nh2 Ne7 18. Rce1 Nf5 19. Ng4 Nxg4 20. Bxg4 Nd6 21. Bh5 Ne4 22. Nf3 f6 23. Nh2 Qg7 24. Rb1 e5 25. b3 Nd6 26. Be2 b5 27. bxc4 dxc4 28. axb5 axb5 29. f3 exd4 30. exd4 Kh8 31. Kf2 Rfe8 32. Ng4 f5 33. Ne5 Rxe5 34. dxe5 Qxe5 35. Rh1 Be4 36. Qc1 Kg7 37. Ra1 Re8 38. Qe3 f4 39. gxf4 gxf4 40. Qd2 Qc5+ 41. Qd4+ Qxd4+ 42. cxd4 Bc2 43. Ra7+ Kg6 44. Ra6 Re6 45. Kf1 Kg5 46. d5 Rf6 47. Rb6 Nf5 48. Rxb5 Ng3+ 49. Kg1 Nxe2+ 50. Kf2 Nd4 51. Rc5 Bd3 52. d6+ Nf5 53. d7 Rd6 54. Rc7 Ne3 55. Ra1 Nd5 56. Ra5 Bf5 57. Rcc5 Ne3 58. g4 Rd2+ 59. Ke1 Rd1+ 60. Ke2 Rxd7 61. gxf5 c3 62. Rxc3 Nxf5 1/2-1/2

[Event "26th Bosnjaci Open 2022"]
[Site "Bosnjaci"]
[Date "2022.01.07"]
[Round "7.9"]
[White "Tomas, Ante"]
[Black "Vidovic, Sasa"]
[Result "0-1"]
[ECO "B07"]
[WhiteElo "2122"]
[BlackElo "2206"]
[Annotator "NA"]
[PlyCount "60"]
[EventDate "2022.01.03"]
[EventType "swiss"]
[EventCountry "CRO"]
[SourceTitle "playchess.com"]
[Source "ChessBase"]
[SourceQuality "1"]
[TimeControl "5400+30"]

1. e4 d6 2. d4 Nf6 3. Nc3 c6 4. f4 Qa5 5. Bd3 e5 6. Nf3 Bg4 7. Be3 Nbd7 8. O-O Be7 9. h3 Bh5 10. Qe1 Bxf3 11. Rxf3 O-O 12. Kh2 Qc7 13. Ne2 d5 14. dxe5 dxe4 15. exf6 Nxf6 16. Bxe4 Nxe4 17. Nc3 Nf6 18. Bd4 Rfe8 19. Qf2 Rad8 20. Rd1 b6 21. Be5 Qc8 22. Rfd3 Rxd3 23. Rxd3 Qe6 24. Qd2 h5 25. Qe2 Bb4 26. Qf3 Bxc3 27. Rd6 Qxe5 28. fxe5 Bxe5+ 29. Kg1 Bxd6 30. Qxc6 Bg3 0-1

[Event "26th Bosnjaci Open 2022"]
[Site "Bosnjaci"]
[Date "2022.01.07"]
[Round "7.10"]
[White "Dutina, Dario"]
[Black "Tukovic, Dario"]
[Result "0-1"]
[ECO "C54"]
[WhiteElo "2197"]
[BlackElo "2017"]
[Annotator "ChessBase"]
[PlyCount "132"]
[EventDate "2022.01.03"]
[EventType "swiss"]
[EventCountry "CRO"]
[SourceTitle "playchess.com"]
[Source "ChessBase"]
[SourceQuality "1"]
[TimeControl "5400+30"]

1. e4 e5 2. Nf3 Nc6 3. Bc4 Bc5 4. c3 Nf6 5. d3 d6 6. O-O a6 7. Bg5 h6 8. Bh4 g5 9. Bg3 Bg4 10. Nbd2 Ne7 11. b4 Bb6 12. Qb3 O-O 13. Rfe1 Ng6 14. h3 Bd7 15. d4 Nh5 16. Kh1 Nxg3+ 17. fxg3 h5 18. dxe5 dxe5 19. Rf1 Qe7 20. Ne1 g4 21. Rf5 Kg7 22. Nd3 Bxf5 23. exf5 Nh8 24. Re1 Qg5 25. f6+ Qxf6 26. Rf1 Qe7 27. Ne4 f5 28. Nec5 Rf6 29. Ne6+ Kh6 30. h4 Re8 31. Ng5 Be3 32. Re1 f4 33. a4 Qd7 34. b5 axb5 35. axb5 Rd6 36. Qc2 Qf5 37. Qe2 Re7 38. Rf1 Red7 39. Qxe3 fxe3 40. Rxf5 Rxd3 41. Bxd3 Rxd3 42. Rxe5 Ng6 43. Re8 Rxc3 44. Kg1 Rc1+ 45. Kh2 Re1 46. Rc8 e2 47. Re8 c5 48. Nf7+ Kg7 49. Nd6 Rd1 50. Rxe2 Rxd6 51. b6 Rxb6 52. Re8 Rb2 53. Rc8 b6 54. Rc6 Ne7 55. Rc7 Kf6 56. Rb7 c4 57. Rc7 Rc2 58. Rb7 Rb2 59. Rc7 b5 60. Rc5 Ke6 61. Rxh5 b4 62. Rc5 c3 63. h5 Ra2 64. h6 Ra8 65. Rc4 Nd5 66. Kg1 b3 0-1

[Event "26th Bosnjaci Open 2022"]
[Site "Bosnjaci"]
[Date "2022.01.07"]
[Round "7.12"]
[White "Caric, Mato"]
[Black "Sadikovic, Jasmin"]
[Result "1-0"]
[ECO "B90"]
[WhiteElo "2029"]
[BlackElo "2134"]
[Annotator "ChessBase"]
[PlyCount "59"]
[EventDate "2022.01.03"]
[EventType "swiss"]
[EventCountry "CRO"]
[SourceTitle "playchess.com"]
[Source "ChessBase"]
[SourceQuality "1"]
[TimeControl "5400+30"]

1. e4 c5 2. Nf3 d6 3. d4 cxd4 4. Nxd4 Nf6 5. Nc3 a6 6. f3 e5 7. Nb3 Be6 8. Be3 Be7 9. Qd2 Nbd7 10. g4 b5 11. g5 Nh5 12. Nd5 Bxd5 13. exd5 O-O 14. O-O-O Qc7 15. Na5 Rfc8 16. Nc6 Bf8 17. Bh3 g6 18. Bg4 Ng7 19. h4 Nf5 20. Bxf5 gxf5 21. Qd3 f4 22. Bf2 Nb8 23. h5 Nxc6 24. dxc6 Qxc6 25. g6 Qc4 26. Qf5 e4 27. gxh7+ Kh8 28. Bd4+ Bg7 29. Bxg7+ Kxg7 30. Rhg1+ 1-0